 Dungeon Crawl Stone Soup version 0.28-a0-8-g6e044cfa68 (webtiles) character file.

Game seed: 2556825904808617823

1766 zazu2006 the Sneak (level 9, 0/63 (74) HPs)
             Began as a Naga Hedge Wizard on July 24, 2021.
             Shot with an arrow by a centaur (5 damage)
             ... on level 6 of the Dungeon.
             The game lasted 00:12:44 (8465 turns).

zazu2006 the Sneak (Naga Hedge Wizard)              Turns: 8465, Time: 00:12:45

HP:   0/63 (74)     AC:  6    Str: 13    XL:     9   Next: 7%
MP:   4/18          EV: 10    Int: 16    God:
Gold: 374           SH:  0    Dex: 12    Spells: 8/20 levels left

rFire   . . .      SeeInvis +   f - +0 falchion
rCold   . . .      Faith    .   (no shield)
rNeg    . . .      Spirit   .   l - +0 leather armour
rPois   +          Reflect  .   q - +0 helmet
rElec   .          Harm     .   (no cloak)
rCorr   .          Rampage  .   (no gloves)
Will    +....                   (no barding)
Stlth   +++.......              (no amulet)
HPRegen 0.20/turn               (no ring)
MPRegen 0.16/turn               (no ring)

@: heavily drained, very slow
A: AC +3, large, see invisible, deformed body, poison resistance, slowness 2,
spit poison 1, naga tail 1
a: Spit Poison


You were on level 6 of the Dungeon.
You visited 2 branches of the dungeon, and saw 7 of its levels.

You collected 374 gold pieces.

Inventory:

Hand Weapons
 f - a +0 falchion (weapon)
 g - a +2 dagger of venom
Armour
 c - a +0 hat
 l - a +0 leather armour (worn)
 q - a +0 helmet (worn)
Jewellery
 o - an amulet of magic regeneration
Wands
 p - a wand of polymorph (9)
 u - a wand of paralysis (13)
 w - a wand of iceblast (15)
Scrolls
 a - a scroll of enchant weapon {unknown}
 b - a scroll of summoning {unknown}
 d - 6 scrolls of identify {unknown}
 i - a scroll of immolation {unknown}
 j - 2 scrolls of enchant armour {unknown}
 m - a scroll of blinking {unknown}
 r - a scroll of noise {unknown}
Potions
 e - a potion of magic {unknown}
 h - a potion of resistance
 k - a potion of attraction {unknown}
 n - a potion of mutation {unknown}
 s - a potion of lignification {unknown}
 t - a potion of might {unknown}
 v - a potion of brilliance {unknown}
 x - a potion of curing {unknown}


   Skills:
 + Level 2.3 Fighting
 + Level 3.9 Long Blades
 + Level 3.1 Armour
 + Level 2.6 Dodging
 + Level 7.2 Stealth
 + Level 6.1 Spellcasting
 + Level 4.4 Conjurations
 + Level 1.0 Summonings
 + Level 1.0 Translocations
 + Level 1.4 Air Magic
 + Level 2.0 Poison Magic


You had 8 spell levels left.
You knew the following spells:

 Your Spells              Type           Power      Damage    Failure   Level
a - Magic Dart            Conj           76%        1d6       2%          1
b - Mephitic Cloud        Conj/Pois/Air  13%        N/A       17%         3
c - Conjure Flame         Conj/Fire      12%        6-21      21%         3
d - Blink                 Tloc           N/A        N/A       17%         2
e - Stone Arrow           Conj/Erth      24%        3d8       21%         3

Your spell library contained the following spells:

 Spells                   Type           Power      Damage    Failure   Level
 Sandblast                Erth           8%         2d5       17%         1
 Call Imp                 Summ           8%         N/A       17%         2
 Slow                     Hex            4%         N/A       26%         2
 Petrify                  Tmut/Erth      4%         N/A       86%         4
 Metabolic Englaciation   Hex/Ice        2%         N/A       99%         5
 Statue Form              Tmut/Erth      2%         N/A       100%        6
 Storm Form               Tmut/Air       3%         N/A       100%        7
 Shatter                  Erth           2%         3d6*      100%        9


Dungeon Overview and Level Annotations

Branches:
Dungeon (6/15)             Temple (1/1) D:5

Altars:
Ashenzari
Cheibriados
Dithmenos
Fedhas
Gozag
Hepliaklqana
Kikubaaqudgha
Makhleb
Nemelex Xobeh
Qazlal
Ru
Sif Muna
Trog
Uskayaw
Wu Jian
Xom
Yredelemnul
The Shining One

Shops:
D:1 !

Annotations:
D:5 1 runed translucent door, DocClef's ghost, weakling GnDe


Innate Abilities, Weirdness & Mutations

Your serpentine skin is tough. (AC +3)
You have supernaturally acute eyesight. (SInv)
Armour fits poorly on your strangely shaped body.
Your system is resistant to poisons. (rPois)
You cover ground very slowly.
You can spit poison.
You have a snake-like lower body.


Message History

Okay, then.
Okay, then.
Okay, then.
The wight closely misses you. The wight hits you but does no damage.
You closely miss the wight.
The wight hits you with a +3 great sword of freezing!
You feel drained. The wight freezes you.
The wight hits you from afar with a +3 spear.
You closely miss the wight.
The wight hits you from afar with a +3 spear!
The wight hits you with a +3 great sword of freezing!
You feel drained.
* * * LOW HITPOINT WARNING * * *
The wight freezes you.
* * * LOW HITPOINT WARNING * * *
Casting: Magic Dart (safe; 2% risk of failure)
Confirm with . or Enter, or press ? or * to list all spells.
You blink.
Casting: Blink (safe; 17% risk of failure)
Confirm with . or Enter, or press ? or * to list all spells.
Aiming: Magic Dart (safe; 2% risk of failure)
Press: ? - help, Shift-Dir - straight line, f/p - wight
Aim: a wight, wielding a +3 spear and wearing a +0 robe (almost destroyed, 100% to hit)
The magic dart hits the wight but does no damage.
The wight is almost destroyed.
The wight closely misses you.
Casting: Magic Dart (safe; 2% risk of failure)
Confirm with . or Enter, or press ? or * to list all spells.
You blink.
A centaur comes into view.
The centaur shouts!
The centaur wields a +0 shortbow.
The centaur shoots an arrow.
The arrow hits you.
* * * LOW HITPOINT WARNING * * *
The centaur shoots an arrow.
The arrow hits you.
* * * LOW HITPOINT WARNING * * *
The centaur shoots an arrow.
The arrow hits you.
* * * LOW HITPOINT WARNING * * *
The centaur shoots an arrow.
The arrow hits you.
You die...

#.........#.. ##########
#.........#.. .........#
#.........c..
########.###...........#
..... #^...............
..### #...............#
..... #)....z.........#
..######.####z...#.#....
.......#.#######@# # ..
.#..........)<.#.#
......)..#####)#.#
##.###.#######.#.#
.#.#.†.......#.#.#
.#.#.#########.#.#
.#.### ###.# .#.# #.#
.###


You could see a centaur and 2 wights.

Vanquished Creatures
  A water moccasin (D:5)
  Duvessa (D:6)
  A sky beast (D:5)
  2 necrophages
  3 ogres
  A centaur (D:6)
  5 scorpions
  Dowan (D:6)
  2 wights (D:6)
  A bullfrog skeleton (D:4)
  3 hounds
  2 orc priests
  4 orc wizards
  2 iguanas (D:4)
  2 killer bee zombies
  2 hound skeletons
  A howler monkey zombie (D:6)
  Robin (D:3)
  3 gnolls (D:4)
  5 adders
  A white imp (D:3)
  An ufetubus (D:6)
  An adder skeleton (D:4)
  A worm (D:3)
  2 dart slugs
  9 orcs
  4 endoplasms
  A giant cockroach (D:3)
  14 goblins
  11 hobgoblins
  8 jackals
  8 kobolds
  2 quokkas
  6 ball pythons
  8 bats
  4 frilled lizards
  5 rats
129 creatures vanquished.

Notes
Turn   | Place    | Note
-------+----------+-------------------------------------------
     0 | D:1      | zazu2006 the Naga Hedge Wizard began the quest for the Orb.
     0 | D:1      | Reached XP level 1. HP: 15/15 MP: 4/4
   131 | D:1      | Reached XP level 2. HP: 4/22 MP: 1/6
   466 | D:1      | Found Oggum's Distillery.
   631 | D:1      | Got the Collected Works on the Earthen Birds
   947 | D:1      | Reached XP level 3. HP: 28/28 MP: 1/8
   953 | D:1      | Learned a level 3 spell: Mephitic Cloud
   957 | D:1      | Learned a level 3 spell: Conjure Flame
   960 | D:1      | Learned a level 2 spell: Blink
  1450 | D:2      | Reached XP level 4. HP: 36/36 MP: 3/9
  1770 | D:2      | Found a faded altar of an unknown god.
  2517 | D:3      | Noticed Robin
  3255 | D:3      | Reached XP level 5. HP: 43/43 MP: 6/11
  3264 | D:3      | Reached skill level 1 in Armour
  3617 | D:3      | Killed Robin
  3727 | D:3      | Reached skill level 1 in Fighting
  3727 | D:3      | Reached skill level 1 in Long Blades
  3727 | D:3      | Reached XP level 6. HP: 35/51 MP: 7/12
  4617 | D:4      | Found a hide-covered altar of Uskayaw.
  4862 | D:4      | Reached skill level 5 in Spellcasting
  4965 | D:4      | Reached skill level 4 in Stealth
  5301 | D:4      | Reached XP level 7. HP: 51/57 MP: 12/14
  5487 | D:4      | Learned a level 3 spell: Stone Arrow
  5530 | D:4      | Reached skill level 1 in Poison Magic
  5745 | D:5      | Entered Level 5 of the Dungeon
  5949 | D:5      | Found a staircase to the Ecumenical Temple.
  6011 | Temple   | Entered the Ecumenical Temple
  6360 | D:5      | Reached skill level 5 in Stealth
  6364 | D:5      | Reached XP level 8. HP: 35/66 MP: 8/16
  6690 | D:5      | Reached skill level 1 in Air Magic
  6855 | D:5      | Found a runed translucent door.
  6870 | D:5      | Reached skill level 6 in Stealth
  6910 | D:5      | Noticed DocClef's ghost (weakling GnDe)
  7666 | D:6      | Noticed Duvessa
  7666 | D:6      | Noticed Dowan
  7676 | D:6      | Killed Dowan
  7683 | D:6      | Reached skill level 7 in Stealth
  7704 | D:6      | Killed Duvessa
  7705 | D:6      | Reached XP level 9. HP: 63/74 MP: 9/17
  8465 | D:6      | Shot with an arrow by a centaur

Illustrated notes

Levels and vault maps discovered:
D:1:      mushboom_english_gardens, layout_basic, serial_shops, shop
D:2:      layout_loops_ring, basic_ecumenical_altar, minmay_close_crescents
D:3:      layout_basic, uniq_robin
D:4:      layout_loops_cross, nicolae_uskayaw_murder_on_the_dancefloor
D:5:      layout_basic, minmay_temple_entry_antechambers, ebering_ghost_sewer_d
D:6:      layout_basic, kennysheep_potato, uniq_duvessa
Temple:   minmay_crystal_spiral_temple

Skill      XL: |  1  2  3  4  5  6  7  8  9 |
---------------+----------------------------+-----
Conjurations   | 2 3 4 |  4.4
Spellcasting   | 4 5 6 |  6.1
Armour         | 1 2 3 |  3.1
Fighting       | 1 2 |  2.3
Long Blades    | 1 2 3 |  3.9
Stealth        | 4 5 7 |  7.2
Dodging        | 2 |  2.6
Poison Magic   | 1 2 |  2.0
Air Magic      | 1 |  1.4
Summonings     | |  1.0
Translocations | |  1.0

Action                   |  1- 3 |  4- 6 |  7- 9 || total
-------------------------+-------+-------+-------++-------
Melee: Dagger            |     8 |       |       ||     8
       Falchion          |     6 |    71 |   149 ||   226
 Cast: Magic Dart        |    56 |   111 |    90 ||   257
       Mephitic Cloud    |       |     8 |    15 ||    23
       Conjure Flame     |       |       |     4 ||     4
       Blink             |       |       |     3 ||     3
 Abil: Spit Poison       |    13 |    18 |    18 ||    49
 Stab: Confused          |       |     2 |    13 ||    15
       Sleeping          |       |       |     2 ||     2
Armor: Robe              |     2 |       |       ||     2
       Leather armour    |       |    29 |    54 ||    83
Dodge: Dodged            |    13 |    52 |    80 ||   145
       Rpst.: Falchion   |       |    18 |    26 ||    44

Table legend: (Time is in decaauts)
 A = Elapsed time spent in this place.
 B = Non-inter-level travel time spent in this place.
 C = Inter-level travel time spent in this place.
 D = Time resting spent in this place.
 E = Time spent auto-exploring this place.
 F = Levels seen in this place.
 G = Mean time per level.
                   A        B        C        D        E       F      G
               +--------+--------+--------+--------+--------+-----+--------+
         Total |  10052 |   9702 |    350 |    947 |   7504 |   7 | 1436.0 |
       Dungeon |   9756 |   9524 |    232 |    947 |   7326 |   6 | 1626.0 |
        Temple |    295 |    178 |    117 |      0 |    177 |   1 |  295.0 |
               +--------+--------+--------+--------+--------+-----+--------+

Top non-repeatable levels by time:
     D:3: 2187 daAuts
     D:4: 1780 daAuts
     D:1: 1583 daAuts
     D:5: 1556 daAuts
     D:6: 1350 daAuts
     D:2: 1298 daAuts
  Temple: 295 daAuts
